AoeStats
← Tiny7192

Black Forest

510509324Analyzed
2v2 RM · 20h ago on Oct 1, 2026· 45m 40s· 4 players
Game mode
Random Map
Map size
Medium (4 player)
Population
200
Speed
Normal
Resources
Standard
Victory
Conquest
Starting age
Dark Age
Ending age
Imperial Age
RankedLock teamsTeams togetherTeam positionsShared explorationLock speedFull tech treeHidden civsTurbo modeCheats
Victory
Defeat
🇨🇳 Maya · China
900
+12
🇨🇳 Teutons · China
898
+12
🇨🇳 Turks · China
828
-13
🇮🇹 Persians · Italy
788
-11
Tiny7192
0:30 Loom
13:19 Feudal Age
20:23 Bloodlines
26:51 Castle Age
26:22 Scale Barding Armor
28:27 Chain Barding Armor
29:48 Forging
36:03 Double-Bit Axe
41:14 Iron Casting
40:55 Town Watch
41:31 Husbandry
47:01 Imperial Age
raffaelepierri1987
12:59 Feudal Age
20:16 Castle Age
18:43 Horse Collar
19:16 Stone Mining
20:09 Double-Bit Axe
21:25 Heavy Plow
24:57 Wheelbarrow
24:21 Gold Mining
25:49 Gold Shaft Mining
29:02 Hand Cart
33:21 Imperial Age
31:06 Loom
32:06 Double-Bit Axe
35:23 Chemistry
37:21 Crop Rotation
39:23 Bow Saw
39:59 Husbandry
39:20 Cavalier
40:12 Pikeman
40:52 Squires
40:38 Arson
40:15 Elite Skirmisher
40:15 Crossbowman
41:00 Thumb Ring
42:50 Forging
42:41 Scale Mail Armor
42:46 Scale Barding Armor
42:31 Fletching
42:42 Padded Archer Armor
43:05 Ballistics
44:35 Kamandaran
BRICK👺
0:26 Loom
10:38 Feudal Age
11:15 Man-at-Arms
12:10 Double-Bit Axe
12:36 Arson
22:29 Castle Age
21:06 Fletching
23:07 Bodkin Arrow
23:12 Padded Archer Armor
22:39 Crossbowman
25:21 Horse Collar
26:26 Leather Archer Armor
28:11 Thumb Ring
35:23 Scale Mail Armor
35:34 Forging
36:08 Wheelbarrow
38:43 Imperial Age
36:53 Wheelbarrow
37:58 Chain Mail Armor
37:47 Eagle Warrior
38:56 Arbalester
39:37 Bracer
40:17 Ballistics
42:10 Plate Mail Armor
42:44 Iron Casting
42:50 Conscription
45:19 Hand Cart
46:11 Chemistry
ChaoJiht
11:13 Loom
13:53 Feudal Age
17:29 Castle Age
15:43 Double-Bit Axe
15:41 Horse Collar
23:56 Wheelbarrow
24:02 Wheelbarrow
24:52 Guard Tower
25:31 Heavy Plow
27:16 Bow Saw
28:24 Hand Cart
29:49 Caravan
30:22 Masonry
30:36 Ballistics
30:20 Padded Archer Armor
30:13 Fletching
31:48 Fortified Wall
35:33 Imperial Age
35:07 Bodkin Arrow
35:22 Forging
35:14 Scale Mail Armor
38:09 Conscription
38:37 Keep
38:09 Siege Engineers
37:51 Arrowslits
38:10 Padded Archer Armor
38:46 Iron Casting
38:29 Chain Mail Armor
38:28 Elite Teutonic Knight
40:29 Hoardings
40:13 Heated Shot
41:25 Chemistry
40:16 Heated Shot
45:42 Crop Rotation
46:17 Two-Man Saw
Connection lost

Rejoining the realm…

Still unreachable

The connection could not be restored.

Session expired

The server has moved on; the page needs a fresh start.